 Dungeon Crawl Stone Soup version 0.18-a0-1811-g3a71842 (webtiles) character file.

1601472 Leszczynek the Ghoulish Ballista (level 27, 231/244 HPs)
             Began as a Ghoul Hunter on Apr 26, 2016.
             Was a High Priest of Okawaru.
             Escaped with the Orb
             ... and 3 runes on Apr 27, 2016!
             The game lasted 08:02:32 (81664 turns).

Leszczynek the Ghoulish Ballista (Ghoul Hunter)    Turns: 81664, Time: 08:02:33

Health: 231/244    AC: 45    Str: 26    XL:     27
Magic:  31/31      EV: 21    Int:  6    God:    Okawaru [*****.]
Gold:   2315       SH: 22    Dex: 19    Spells: 7 memorised, 11 levels left

rFire  + . .     SeeInvis +       - Unarmed
rCold  + . .     Gourm    .     I - +10 plate armour {rF+}
rNeg   + + +     Faith    .     H - +2 shield {reflect}
rPois  ∞         Spirit   .     g - +2 helmet {SInv}
rElec  .         Dismiss  .     F - +2 cloak {MR+}
rCorr  .         Reflect  +     C - +2 pair of gloves {Str+3}
SustAt .         Harm     .     a - +2 pair of boots {Fly}
MR     +++++                    t - amulet of Lerisur {Reflect MR++ Dex+4 SH+5 Stlth+}
Stlth  ..........               w - +4 ring of evasion
                                q - +6 ring of protection

@: rotting, almost entirely resistant to hostile enchantments, extremely
unstealthy
A: rotting body, claws 1, carnivore 3, cold resistance 1, negative energy
resistance 3, slow regeneration 1, torment resistance, unbreathing
a: Heroism, Finesse, Renounce Religion, Evoke Flight
0: Orb of Zot
}: 3/15 runes: barnacled, abyssal, gossamer


You escaped.
You worshipped Okawaru.
Okawaru was extremely pleased with you.
You were not hungry.

You visited 11 branches of the dungeon, and saw 54 of its levels.
You visited the Abyss 1 time.
You visited 1 bazaar.
You also visited: Bailey, Ice Cave, Volcano and Wizlab.

You collected 7906 gold pieces.
You spent 5591 gold pieces at shops.

Inventory:

Hand Weapons
 b - a +9 blowgun
Missiles
 c - 28 javelins (quivered)
 K - 21 steel javelins
 N - 19 javelins of penetration
 S - 13 throwing nets
 T - 125 tomahawks
 W - 34 needles of confusion
 X - 11 needles of paralysis
 Z - 8 needles of frenzy
Armour
 a - a +2 pair of boots of flying (worn)
 g - a +2 helmet of see invisible (worn)
 C - a +2 pair of gloves of strength (worn)
 F - a +2 cloak of magic resistance (worn)
 H - a +2 shield of reflection (worn)
 I - a +10 plate armour of fire resistance (worn)
Rods
 L - a +0 rod of shadows (13/13)
   (You took it off a deep elf demonologist on level 1 of the Depths)
Jewellery
 q - a +6 ring of protection (left hand)
 t - the amulet of Lerisur (around neck) {Reflect MR++ Dex+4 SH+5 Stlth+}
   (You found it on level 4 of the Depths)

   [amulet of reflection]

   It shields you and reflects attacks.
   It affects your dexterity (+4).
   It affects your resistance to hostile enchantments.
   It affects your SH (+5).
   It makes you more stealthy.
 w - a +4 ring of evasion (right hand)
 x - an uncursed ring of protection from fire
 z - an uncursed ring of sustain attributes
Wands
 h - a wand of paralysis (12/24)
 D - a wand of teleportation (7/9)
 O - a wand of disintegration (11/24)
 Y - a wand of digging (9/24)
Scrolls
 j - 15 scrolls of fog
 l - 26 scrolls of remove curse
 m - 2 scrolls of torment
 o - 11 scrolls of fear
 p - 5 scrolls of magic mapping
 B - 9 scrolls of teleportation
 E - 7 scrolls of blinking
 M - 15 scrolls of identify
 R - 2 scrolls of recharging
 U - 5 scrolls of summoning
Potions
 d - 3 potions of ambrosia
 k - 2 potions of cancellation
 n - 6 potions of invisibility
 s - a potion of haste
 u - 27 potions of curing
 A - 7 potions of magic
 G - 4 potions of might
 P - a potion of resistance
 V - 2 potions of agility
Miscellaneous
 i - a fan of gales
 r - a phial of floods
 v - a sack of spiders
 y - a phantom mirror
 J - a box of beasts {used: 1}
Comestibles
 f - 28 meat rations


   Skills:
 * Level 19.4 Fighting
 O Level 27 Throwing
 - Level 11.2 Armour
 - Level 13.9 Dodging
 - Level 1.1 Stealth
 - Level 15.1 Shields
 - Level 22.2 Unarmed Combat
 - Level 7.3 Charms
 - Level 9.8 Translocations
 - Level 7.1 Invocations
 + Level 13.1 Evocations


You had 11 spell levels left.
You knew the following spells:

 Your Spells              Type           Power        Failure   Level  Hunger
a - Summon Butterflies    Summ           #.......     100%        1    ##.....
b - Corpse Rot            Necr           N/A          100%        2    ###....
c - Passage of Golubria   Tloc           N/A          83%         4    #####..
d - Apportation           Tloc           ##........   10%         1    ##.....
e - Swiftness             Chrm/Air       #.......     98%         2    ###....
f - Blink                 Tloc           N/A          14%         2    ###....
g - Portal Projectile     Tloc           ##....       28%         3    ####...


Dungeon Overview and Level Annotations

Branches:
Dungeon (15/15)            Temple (1/1) D:4            Lair (8/8) D:8
 Shoals (4/4) Lair:3       Spider (4/4) Lair:4        Slime (0/6) Lair:6
    Orc (2/2) D:11            Elf (3/3) Orc:2        Vaults (4/5) D:14
  Crypt (3/3) Vaults:2       Tomb (0/3) Crypt:3      Depths (5/5) D:15
    Zot (5/5) Depths:5

Altars:
Elyvilon
Fedhas
Gozag
Kikubaaqudgha
Makhleb
Nemelex Xobeh
Okawaru
Qazlal
Sif Muna
Trog
Vehumet
Xom
Yredelemnul
Zin
Beogh

Shops:
D:4 (   D:8 [   D:12 (   D:13 *   Orc:2 [(*(   Elf:2 (   Shoals:1 [
Vaults:3 *:%   Depths:4 ??

Portals:
Hell: Depths:1 Depths:2 Depths:3 Depths:4 Depths:5
Abyss: Depths:4
Pandemonium: Depths:3 Depths:5
Ziggurat: Depths:1

Annotations:
D:5 1 exclusion
Shoals:2 exclusion: kraken
Elf:2 3 runed doors


Innate Abilities, Weirdness & Mutations

Your body is rotting away.
You thrive on raw meat.
You are immune to poison.
You have sharp fingernails.
You are carnivorous and can eat meat at any time.
Your flesh is cold resistant.
You are immune to negative energy.
You regenerate slowly when monsters are visible.
You are immune to unholy pain and torment.
You can survive without breathing.


Message History

You pummel the hell beast!!
The hell beast is heavily wounded.
You block the hell beast's attack. x2
You punch the hell beast!
The hell beast is severely wounded.
You block the hell beast's attack. x2
You miss the hell beast.
The hell beast is severely wounded.
You block the hell beast's attack. The hell beast completely misses you.
You miss the hell beast.
The hell beast is severely wounded.
You pound the hell beast into fine dust!!!
You kill the hell beast!
Okawaru accepts your kill.
No target in view!
No target in view!
There is an open door here.
There is an open door here.
There is a staircase leading out of the dungeon here.
You have escaped!

###...####.####...### #.
####.......##'##.......##
#.
#.#.........#.#.........#
##
#.#.........'.'.........#
#.#.......[.#.#.........#
#.##.......##'##.......##
#.####...###...###...###
#...#######.....######
#..##.# #.#..@..#.#..#
#.....# #.##...##....#
#..#### #.#######.##.#
#..######.##.........#
#..#......####.##.#########
##....######
##.##.#.......####
##......##
##...#.#.####......
#........#####.###.>#.#
#..#### ##.............##
##...# #..#


There were no monsters in sight!

Vanquished Creatures
  12 orbs of fire
  2 pandemonium lords
  2 ancient liches
  Mara (Crypt:1)
  Sojobo (Crypt:1)
  Boris (twice) (Vaults:4 Crypt:3)
  Margery (Crypt:1)
  Saint Roka (Depths:5)
  3 Killer Klowns
  A curse toe (Crypt:3)
  6 golden dragons
  Jory (Vaults:2)
  Xtahua (Crypt:1)
  Nikola (Elf:1)
  A bone dragon (Depths:5)
  A Tzitzimitl (D:1)
  3 electric golems
  Jorgrun (Elf:3)
  10 tentacled monstrosities
  30 Orb Guardians
  An Ice Fiend (Zot:4)
  4 liches
  A quicksilver dragon (Depths:4)
  A deep elf blademaster (Elf:3)
  A titan (Depths:5)
  A deep elf master archer (Elf:3)
  An eldritch tentacle (WizLab)
  3 Executioners
  7 death cobs
  A sphinx (shapeshifter) (D:15)
  13 ancient champions
  A tentacled starspawn (WizLab)
  2 sphinxes
  19 storm dragons
  3 shadow dragons
  Ilsuiw (Shoals:3)
  Kirke (Elf:1)
  6 tengu reavers
  6 draconian monks
  Donald (Shoals:1)
  2 revenants (Crypt:3)
  4 draconian scorchers
  7 fire giants
  13 deep elf sorcerers
  4 draconian knights
  7 ghost moths
  13 vault wardens
  9 ironheart preservers
  3 draconian zealots
  7 draconian annihilators
  A juggernaut zombie (Crypt:3)
  7 emperor scorpions
  9 frost giants
  2 spriggan defenders (Depths:4)
  A curse skull (Crypt:2)
  16 very ugly things
  5 draconian callers
  Aizul (Vaults:2)
  2 deep elf elementalists (Elf:3)
  4 draconian shifters
  2 reapers
  5 ghouls (Crypt:2)
  11 stone giants
  11 green draconians
  3 vampire knights
  2 deep elf demonologists
  2 salamander stormcallers
  7 black draconians
  7 mottled draconians
  11 red draconians
  5 deep elf annihilators
  8 purple draconians
  3 dire elephants
  13 white draconians
  10 yellow draconians
  A spark wasp (shapeshifter) (Depths:5)
  4 merfolk javelineers
  5 spark wasps
  8 deep elf death magi
  2 mummy priests (Crypt:3)
  An eidolon (Crypt:3)
  11 ettins
  9 crystal guardians
  16 jiangshi
  A quicksilver dragon zombie (Crypt:2)
  9 yaktaur captains
  16 ogre magi
  9 entropy weavers
  Erolcha (Volcano)
  Harold (Lair:4)
  18 fire dragons
  13 merfolk impalers
  7 vault guards
  A rakshasa (WizLab)
  5 deep elf high priests (Elf:3)
  5 hydras
  6 great orbs of eyes
  A quicksilver dragon skeleton (Crypt:3)
  14 ice dragons
  A monstrous demonspawn (D:1)
  6 merfolk avatars
  2 hell beasts
  2 spriggan air magi (Depths:3)
  An alligator snapping turtle (Shoals:1)
  3 catoblepae
  10 centaur warriors
  4 merfolk aquamancers
  8 dancing weapons
  A queen ant (shapeshifter) (Abyss:3)
  2 satyrs (Shoals:3)
  3 death knights
  12 deep troll earth magi
  A satyr (shapeshifter) (D:15)
  10 death yaks
  A titan zombie (Crypt:1)
  3 thrashing horrors (WizLab)
  10 vampire magi
  6 deep troll shamans
  An iron giant zombie (Crypt:2)
  A sun demon (Depths:4)
  6 orc high priests
  Nergalle (Lair:4)
  32 skeletal warriors
  10 deep elf knights
  An iron troll (Depths:3)
  3 soul eaters
  2 spriggan berserkers
  2 shadow wraiths
  25 hell knights
  A fire crab (Lair:8)
  4 salamander mystics
  A golden dragon zombie (Crypt:1)
  5 giant orange brains
  13 sea snakes
  A giant orange brain (shapeshifter) (D:15)
  7 flayed ghosts
  2 shadow demons (Depths:1)
  8 unseen horrors
  23 deep trolls
  9 hill giants
  A harpy (shapeshifter) (Depths:3)
  11 deep elf archers
  A swamp dragon (shapeshifter) (Depths:2)
  A wolf spider zombie (D:13)
  10 necromancers
  6 phantasmal warriors
  A golden dragon skeleton (Crypt:1)
  11 wizards
  An obsidian statue (WizLab)
  10 orc knights
  20 ironbrand convokers
  2 lindwurms (shapeshifter)
  A lindwurm (Lair:5)
  A shadow dragon zombie (Crypt:1)
  24 harpies
  22 ugly things
  6 statues (Volcano)
  A shadow dragon skeleton (Crypt:1)
  A stone giant zombie (Crypt:1)
  A hornet (shapeshifter) (Depths:2)
  A fire giant zombie (Crypt:2)
  19 orb spiders
  An orb spider (shapeshifter) (Depths:3)
  4 worldbinders
  5 orc sorcerers
  4 hornets
  3 fauns
  40 deep elf magi
  39 wolf spiders
  17 griffons
  23 moths of wrath
  11 cyclopes
  An apis zombie (Crypt:3)
  13 manticores
  5 large abominations (Abyss:3)
  2 sixfirhies
  16 salamanders
  An iron dragon skeleton (Crypt:2)
  An elephant (shapeshifter) (Depths:3)
  21 elephants (Lair:8)
  12 sirens
  15 vault sentinels
  An ice statue (IceCv)
  An apocalypse crab (Abyss:3)
  A shock serpent zombie (Crypt:3)
  4 black mambas
  2 frost giant skeletons
  5 smoke demons
  2 torpor snails
  A yaktaur zombie (Vaults:1)
  8 water nymphs
  2 gargoyles
  An orange demon (Abyss:3)
  19 spiny frogs
  An emperor scorpion zombie (Crypt:1)
  4 rime drakes
  2 yaktaurs (shapeshifter)
  A dire elephant skeleton (Crypt:1)
  A rime drake (shapeshifter) (Vaults:1)
  2 kobold demonologists (Depths:1)
  An ice devil (Depths:4)
  A catoblepas zombie (Crypt:1)
  3 ancient zymes
  13 demonic crawlers
  An elf skeleton (WizLab)
  A sea snake skeleton (Crypt:2)
  A swamp worm zombie (Crypt:3)
  6 freezing wraiths
  2 hellwings
  9 komodo dragons
  2 efreet
  A yellow draconian skeleton (Crypt:1)
  A red devil (D:5)
  8 trolls
  31 yaktaurs
  2 jumping spiders (shapeshifter) (Elf:2)
  53 jumping spiders
  2 guardian mummies (Crypt:3)
  32 merfolk
  A grey draconian skeleton (Crypt:2)
  2 queen bees
  A wind drake (Shoals:4)
  37 blink frogs
  14 polar bears (IceCv)
  A sphinx simulacrum (Vaults:1)
  13 two-headed ogres
  4 raiju
  An ushabti (Crypt:3)
  A harpy skeleton (Crypt:3)
  A minotaur skeleton (Crypt:2)
  6 boulder beetles
  Prince Ribbit (D:5)
  A bog body (Crypt:2)
  26 slime creatures
  9 snapping turtles
  A fire dragon zombie (Crypt:1)
  10 air elementals
  A black mamba zombie (Crypt:3)
  A flying skull (Vaults:2)
  12 water elementals
  142 redbacks
  A spriggan (shapeshifter) (Elf:2)
  4 shadows
  A wyvern (D:12)
  3 tarantellas (shapeshifter)
  35 tarantellas
  2 vampires
  88 yaks
  13 wraiths
  5 ynoxinuls
  A fire elemental (Elf:1)
  A hog (shapeshifter) (Vaults:2)
  2 basilisks
  A black mamba skeleton (Crypt:2)
  2 redbacks (shapeshifter)
  7 fire bats
  13 hippogriffs
  3 hogs (Elf:1)
  A chaos spawn (D:11)
  19 vampire mosquitoes
  A neqoxec (Abyss:3)
  3 hungry ghosts
  A warg (Vaults:2)
  A mottled dragon (Vaults:1)
  Menkaure (D:5)
  5 spatial vortices (WizLab)
  A putrid demonspawn zombie (Crypt:1)
  A swamp worm (shapeshifter) (Elf:3)
  2 hell hounds (Depths:3)
  A soldier ant (shapeshifter) (Abyss:3)
  A faun skeleton (Crypt:1)
  A giant eyeball (shapeshifter) (Vaults:2)
  14 porcupines
  23 water moccasins
  A deep troll skeleton (Crypt:2)
  39 orc warriors
  3 black bears
  2 sky beasts (D:9)
  4 wasps
  9 starcursed masses
  9 ice beasts
  An orc zombie (Vaults:1)
  An eye of draining (D:10)
  2 necrophages
  26 ogres
  17 boggarts
  6 phantoms
  24 wolves
  An ogre (shapeshifter) (Depths:2)
  15 centaurs
  13 crocodiles
  A swamp dragon skeleton (Crypt:1)
  Blork the orc (D:6)
  3 big kobolds
  An octopode zombie (Crypt:1)
  19 giant frogs
  A gnoll sergeant (D:10)
  An earth elemental (Elf:2)
  A spiny frog simulacrum (Crypt:2)
  3 wyvern zombies
  A draconian skeleton (Crypt:3)
  4 small abominations
  2 scorpions
  A yak zombie (Crypt:3)
  44 killer bees
  A spriggan skeleton (Crypt:1)
  A hippogriff skeleton (Crypt:2)
  10 wights
  3 vampire bats (D:12)
  10 crimson imps
  A centaur zombie (D:5)
  2 giant frog zombies
  9 lava snakes (Volcano)
  A human simulacrum (Vaults:2)
  5 quasits
  41 orc priests
  6 hounds
  10 jellies
  27 orc wizards
  6 centaur skeletons
  12 iguanas
  3 iron imps
  Crazy Yiuf (D:5)
  2 hell rats (D:12)
  6 worker ants
  A killer bee zombie (Crypt:3)
  60 sheep
  A mottled dragon skeleton (Crypt:1)
  A hound skeleton (D:5)
  A hound zombie (D:7)
  A mummy (D:7)
  2 worker ant zombies
  23 gnolls
  8 adders
  141 river rats
  3 shadow imps
  3 white imps
  3 ufetubi
  10 oozes
  An adder zombie (D:7)
  An adder skeleton (D:9)
  4 worms
  3 dart slugs
  8 giant geckos
  93 orcs
  8 ball pythons
  10 giant cockroaches
  7 goblins
  18 hobgoblins
  4 jackals (D:6)
  10 quokkas
  19 bats
  A giant gecko zombie (D:7)
  6 giant newts
  A giant newt zombie (Crypt:3)
  33 kobolds
  A kobold skeleton (Crypt:2)
  33 rats
  A fungus (Lair:8)
  2 plants
2873 creatures vanquished.

Vanquished Creatures (collateral kills)
  A merfolk aquamancer (Shoals:4)
  A thrashing horror (Abyss:3)
  A troll (D:12)
  A merfolk (Shoals:4)
  A starcursed mass (Abyss:3)
5 creatures vanquished.

Vanquished Creatures (others)
  A deep elf master archer (Elf:3)
  A draconian scorcher (Zot:1)
  A yaktaur captain (Vaults:2)
  A deep elf high priest (Elf:3)
  3 centaur warriors
  5 deep elf archers
  2 deep elf magi
  A moth of wrath (Zot:5)
  An octopode (shapeshifter) (Vaults:1)
  A yaktaur (Depths:1)
  A redback (Spider:3)
  2 humans (Elf:1)
  A boggart (Depths:3)
  9 centaurs
  A ball lightning (Zot:5)
  An orc (Orc:2)
  8 bushes (D:12)
  1480 eldritch tentacle segments (WizLab)
  22 fungi
  2 lost souls
  34 plants
  8 starspawn tentacles
  168 starspawn tentacle segments
  4 tentacles (Shoals:1)
  104 tentacle segments (Shoals:1)
1862 creatures vanquished.

Grand Total: 4740 creatures vanquished

Notes
Turn   | Place    | Note
--------------------------------------------------------------
     0 | D:1      | Leszczynek the Ghoul Hunter began the quest for the Orb.
     0 | D:1      | Reached XP level 1. HP: 17/17 MP: 0/0
   111 | D:1      | Reached skill level 1 in Unarmed Combat
   206 | D:1      | Reached XP level 2. HP: 24/24 MP: 1/1
   848 | D:1      | Reached XP level 3. HP: 27/29 MP: 2/2
  1212 | D:2      | Reached XP level 4. HP: 32/36 MP: 3/3
  1465 | D:2      | Found a radiant altar of Vehumet.
  1467 | D:2      | Found an iron altar of Okawaru.
  1479 | D:2      | Found a white marble altar of Elyvilon.
  1484 | D:2      | Became a worshipper of Warmaster Okawaru
  1868 | D:2      | Reached XP level 5. HP: 38/41 MP: 4/4
  1915 | D:2      | Reached skill level 5 in Unarmed Combat
  2980 | D:4      | Found a staircase to the Ecumenical Temple.
  2987 | Temple   | Entered the Ecumenical Temple
  3001 | D:4      | Found Lehyoqaun's Antique Weapon Shoppe.
  3109 | D:4      | Reached XP level 6. HP: 41/48 MP: 5/5
  3642 | D:5      | Entered Level 5 of the Dungeon
  3765 | D:5      | Noticed a water moccasin
  3766 | D:5      | Found a shimmering altar of Xom.
  3834 | D:5      | Reached * piety under Okawaru
  3834 | D:5      | Reached skill level 4 in Throwing
  3834 | D:5      | Reached XP level 7. HP: 49/55 MP: 6/6
  4275 | D:5      | Noticed Menkaure
  4295 | D:5      | Killed Menkaure
  4355 | D:5      | Noticed Prince Ribbit
  4371 | D:5      | Reached XP level 8. HP: 46/61 MP: 4/7
  4377 | D:5      | Killed Prince Ribbit
  4377 | D:5      | Reached skill level 5 in Throwing
  4768 | D:5      | Found a bloodstained altar of Trog.
  4857 | D:5      | Noticed Crazy Yiuf
  4862 | D:5      | Killed Crazy Yiuf
  4937 | D:6      | Reached skill level 6 in Throwing
  4998 | D:6      | Reached ** piety under Okawaru
  5028 | D:6      | Found Giunow's Distillery.
  5244 | D:6      | Noticed Blork the orc
  5253 | D:6      | Killed Blork the orc
  5489 | D:6      | Reached skill level 7 in Throwing
  5570 | D:6      | Reached XP level 9. HP: 30/68 MP: 8/8
  6157 | D:6      | Reached skill level 8 in Throwing
  6329 | D:7      | Found a burning altar of Makhleb.
  6329 | D:7      | Found a glowing silver altar of Zin.
  6330 | D:7      | Noticed an angel
  6330 | D:7      | Noticed a cacodemon
  6384 | D:7      | Found a sparkling altar of Nemelex Xobeh.
  6385 | D:7      | Found an opulent altar of Gozag.
  6425 | D:7      | Reached *** piety under Okawaru
  6557 | D:7      | Reached skill level 9 in Throwing
  6867 | D:8      | Received a gift from Okawaru
  6917 | D:8      | Got a ripped robe
  6918 | D:8      | Identified the +0 robe of Repulsion {+Fly Int+5 Dex+3} (You found it on level 8 of the Dungeon)
  7092 | D:8      | Reached skill level 10 in Throwing
  7094 | D:8      | Reached XP level 10. HP: 62/76 MP: 6/9
  7343 | D:8      | Found a staircase to the Lair.
  7382 | Lair:1   | Entered Level 1 of the Lair of Beasts
  7395 | Lair:1   | Reached skill level 1 in Armour
  7849 | D:8      | Reached **** piety under Okawaru
  7849 | D:8      | Reached skill level 5 in Fighting
  7887 | D:8      | Found Cumne's Antique Armour Boutique.
  7893 | D:8      | Bought a pair of glowing boots for 76 gold pieces
  7893 | D:8      | Bought an embroidered cloak for 76 gold pieces
  7913 | D:8      | Bought an embroidered cloak for 76 gold pieces
  8086 | D:9      | Found a blossoming altar of Fedhas.
  8092 | D:9      | Found a stormy altar of Qazlal.
  8177 | D:9      | Found a flagged portal.
  8248 | Bailey   | Entered a bailey
  9430 | D:10     | Entered Level 10 of the Dungeon
  9502 | D:10     | Noticed a hill giant
  9513 | D:10     | HP: 8/82 [hill giant/giant club (29)]
  9517 | D:10     | Killed a hill giant
  9535 | D:10     | Reached skill level 10 in Unarmed Combat
  9707 | D:10     | Noticed a hill giant
  9999 | D:10     | Reached XP level 11. HP: 71/91 MP: 11/13
 10190 | D:9      | Reached skill level 5 in Invocations
 10198 | D:10     | Reached ***** piety under Okawaru
 10658 | Lair:1   | Received a gift from Okawaru
 11996 | Lair:2   | Noticed an eight-headed hydra
 12043 | Lair:2   | Killed an eight-headed hydra
 12043 | Lair:2   | Reached skill level 11 in Throwing
 12616 | Lair:2   | Reached XP level 12. HP: 81/103 MP: 16/16
 13398 | Lair:3   | Received a gift from Okawaru
 13526 | Lair:3   | Reached skill level 5 in Armour
 13729 | Lair:3   | Received a gift from Okawaru
 13892 | Lair:3   | Noticed an eight-headed hydra
 13896 | Lair:3   | Killed an eight-headed hydra
 14087 | Lair:3   | Found a staircase to the Shoals.
 14438 | Lair:4   | Noticed Nergalle
 14793 | Lair:4   | Killed Nergalle
 14875 | Lair:4   | Noticed Harold
 14889 | Lair:4   | Killed Harold
 15021 | Lair:4   | Reached skill level 12 in Throwing
 15021 | Lair:4   | Reached XP level 13. HP: 53/111 MP: 14/17
 15382 | Lair:4   | Found a hole to the Spider Nest.
 15634 | Lair:5   | Identified a scroll of acquirement
 15759 | Lair:5   | Found a frozen archway.
 15797 | Lair:5   | Learned a level 1 spell: Summon Butterflies
 15985 | IceCv    | Entered an ice cave
 16036 | IceCv    | Reached skill level 10 in Fighting
 16399 | IceCv    | Received a gift from Okawaru
 16751 | IceCv    | Noticed a frost giant
 16770 | IceCv    | Killed a frost giant
 16770 | IceCv    | Received a gift from Okawaru
 16770 | IceCv    | Reached skill level 5 in Dodging
 16771 | IceCv    | nice!
 16779 | IceCv    | i thought it'd hurt more
 16797 | IceCv    | Reached skill level 13 in Throwing
 16965 | Lair:5   | Received a gift from Okawaru
 17506 | Lair:5   | Reached XP level 14. HP: 113/121 MP: 18/18
 17604 | Lair:5   | Reached skill level 1 in Evocations
 18137 | Lair:6   | Found a staircase to the Slime Pits.
 19328 | Lair:7   | Received a gift from Okawaru
 19548 | Lair:7   | Reached skill level 5 in Evocations
 19582 | Lair:7   | Found a dark tunnel.
 19587 | Volcano  | Entered a volcano
 20299 | Volcano  | Found a shimmering altar of Xom.
 20299 | Volcano  | Noticed Erolcha
 20432 | Volcano  | Killed Erolcha
 20432 | Volcano  | Received a gift from Okawaru
 20541 | Lair:7   | Received a gift from Okawaru
 21413 | Lair:8   | Entered Level 8 of the Lair of Beasts
 21573 | Lair:8   | Got an ichor-stained scale mail
 21594 | Lair:8   | Identified the +4 scale mail of Vothris {rF++ MR-} (You found it on level 8 of the Lair of Beasts)
 21847 | Lair:8   | Received a gift from Okawaru
 21973 | Lair:8   | Reached skill level 14 in Throwing
 22047 | Lair:8   | Reached XP level 15. HP: 119/126 MP: 19/19
 23086 | Lair:8   | Received a gift from Okawaru
 24780 | D:11     | Found a staircase to the Orcish Mines.
 25107 | D:11     | Found an opulent altar of Gozag.
 25175 | Orc:1    | Entered Level 1 of the Orcish Mines
 25630 | Orc:2    | Entered Level 2 of the Orcish Mines
 26149 | Orc:2    | Found a roughly hewn altar of Beogh.
 26847 | Orc:2    | Found a staircase to the Elven Halls.
 27010 | Orc:2    | Found Fipeliq's Antique Armour Shoppe.
 27010 | Orc:2    | Found Aceus's General Store.
 27014 | Orc:2    | Found Qipoitik's Weapon Emporium.
 27027 | Orc:2    | Found Modghu's Weapon Shoppe.
 27064 | Orc:2    | Bought a potion of resistance for 110 gold pieces
 27064 | Orc:2    | Bought a scroll of identify for 22 gold pieces
 27064 | Orc:2    | Bought a scroll of identify for 22 gold pieces
 27064 | Orc:2    | Bought a potion of agility for 44 gold pieces
 27070 | Orc:2    | Bought a scroll of remove curse for 33 gold pieces
 27071 | Orc:2    | Bought a warped scale mail for 288 gold pieces
 27071 | Orc:2    | Bought a runed helmet for 144 gold pieces
 27075 | Orc:2    | Identified the cursed +1 scale mail of the Jabberwock {rPois rF+} (You bought it in a shop on level 2 of the Orcish Mines)
 27090 | Orc:2    | sinv, good
 27460 | D:12     | Reached XP level 16. HP: 117/134 MP: 21/21
 27585 | D:12     | Received a gift from Okawaru
 27770 | D:12     | Found Patad's Antique Weapon Boutique.
 27845 | D:12     | Reached skill level 15 in Throwing
 28216 | D:12     | Reached skill level 10 in Armour
 28705 | D:13     | Found Diatyr's Blood Bar.
 30401 | D:12     | Noticed a storm dragon
 30421 | D:11     | Reached skill level 5 in Shields
 30462 | D:12     | Killed a storm dragon
 30807 | D:14     | Found a gate to the Vaults.
 31367 | D:15     | Entered Level 15 of the Dungeon
 31645 | D:15     | manual of dodging baby@
 31645 | D:15     | !
 32030 | D:15     | Received a gift from Okawaru
 32100 | D:15     | Found a staircase to the Depths.
 32140 | D:15     | Noticed a sphinx
 32140 | D:15     | a frost giant changed into a sphinx
 32148 | D:15     | Killed a sphinx
 32592 | Spider:1 | Entered Level 1 of the Spider Nest
 33439 | Spider:1 | Received a gift from Okawaru
 33614 | Spider:1 | Reached XP level 17. HP: 117/144 MP: 22/22
 34208 | Spider:2 | "the Deadly Accurate" my ass
 34273 | Spider:2 | Received a gift from Okawaru
 34442 | Spider:1 | Received a gift from Okawaru
 34717 | Spider:2 | Received a gift from Okawaru
 35538 | Spider:2 | Learned a level 2 spell: Corpse Rot
 35792 | Spider:3 | Received a gift from Okawaru
 36179 | Spider:3 | Reached skill level 10 in Dodging
 36637 | Spider:3 | Reached skill level 10 in Shields
 37278 | Spider:4 | Entered Level 4 of the Spider Nest
 37323 | Spider:3 | Received a gift from Okawaru
 37895 | Spider:4 | Reached XP level 18. HP: 154/154 MP: 23/23
 38147 | Spider:3 | Received a gift from Okawaru
 38781 | Spider:3 | Received a gift from Okawaru
 39180 | Spider:4 | Got a gossamer rune of Zot
 39181 | Spider:4 | Upgraded the game from 0.18-a0-1805-g8ab820f to 0.18-a0-1811-g3a71842
 39181 | Spider:4 | god damn MR++ only
 39181 | Spider:4 | hell i don't wanna do shoals with this :/
 39373 | Shoals:1 | Entered Level 1 of the Shoals
 39460 | Shoals:1 | Found Fovorch's Antique Armour Shoppe.
 39501 | Shoals:1 | Bought a glowing helmet for 135 gold pieces
 39501 | Shoals:1 | Bought a pair of embroidered gloves for 135 gold pieces
 39597 | Shoals:1 | Reached skill level 16 in Throwing
 39668 | Shoals:1 | fuck!
 39680 | Shoals:1 | FUCK!
 39742 | Lair:3   | i wasted one ?blink for no reason at all, shit
 39906 | Shoals:1 | Noticed Donald
 39948 | Shoals:1 | Killed Donald
 40247 | Shoals:1 | Received a gift from Okawaru
 40555 | Shoals:2 | Found a deep blue altar of Sif Muna.
 40733 | Shoals:2 | Reached ****** piety under Okawaru
 40790 | Shoals:2 | Received a gift from Okawaru
 41407 | Shoals:3 | Received a gift from Okawaru
 41492 | Shoals:3 | Got a dull robe {god gift}
 41494 | Shoals:3 | Identified the +1 robe of Okawaru's Pride {Regen+ Int+3} (Okawaru gifted it to you on level 3 of the Shoals)
 41623 | Shoals:3 | Reached XP level 19. HP: 136/160 MP: 22/25
 41993 | Shoals:4 | Entered Level 4 of the Shoals
 42019 | Shoals:4 | Reached skill level 10 in Evocations
 42217 | Shoals:4 | Reached skill level 15 in Unarmed Combat
 43075 | Shoals:4 | Noticed Ilsuiw
 43168 | Shoals:3 | Killed Ilsuiw
 43255 | Shoals:4 | FUCKING LAGS THANKS
 43415 | Shoals:4 | Got a barnacled rune of Zot
 43644 | Shoals:4 | Received a gift from Okawaru
 44226 | Vaults:1 | Entered Level 1 of the Vaults
 44485 | Vaults:1 | Received a gift from Okawaru
 46398 | Vaults:1 | Reached XP level 20. HP: 168/168 MP: 27/27
 47238 | Vaults:1 | Received a gift from Okawaru
 47485 | Vaults:2 | Noticed Jory
 47501 | Vaults:2 | Killed Jory
 47750 | Vaults:2 | Noticed Aizul
 47768 | Vaults:2 | Killed Aizul
 48753 | Vaults:1 | Received a gift from Okawaru
 49036 | Vaults:2 | Found a staircase to the Crypt.
 49178 | Vaults:2 | Received a gift from Okawaru
 49845 | Vaults:2 | Reached XP level 21. HP: 144/180 MP: 28/28
 50062 | Vaults:3 | Found Abaj's Food Emporium.
 50440 | Elf:1    | Entered Level 1 of the Elven Halls
 50442 | Elf:1    | Noticed Kirke
 50459 | Elf:1    | Killed Kirke
 50667 | Elf:1    | Noticed Nikola
 50685 | Elf:1    | Killed Nikola
 50685 | Elf:1    | Received a gift from Okawaru
 50950 | Elf:1    | Received a gift from Okawaru
 51228 | Elf:2    | Received a gift from Okawaru
 51529 | Elf:2    | Cast into level 2 of the Abyss (a deep elf sorcerer)
 51529 | Abyss:2  | Found a corrupted altar of Lugonu.
 51577 | Abyss:3  | Found a corrupted altar of Lugonu.
 52001 | Abyss:3  | Got an abyssal rune of Zot
 52061 | Abyss:3  | Found a corrupted altar of Lugonu.
 52311 | Elf:2    | Escaped the Abyss
 52361 | Elf:2    | Reached skill level 15 in Fighting
 52436 | Elf:2    | Found a huge runed gate.
 52438 | Elf:2    | Found a huge runed gate.
 52441 | Elf:2    | Found a huge runed gate.
 52469 | Elf:2    | Found Loirilit's Weapon Shop.
 52477 | Elf:2    | Bought 8 needles of confusion for 72 gold pieces
 52727 | Elf:3    | Entered Level 3 of the Elven Halls
 53368 | Elf:3    | Noticed Jorgrun
 53841 | Elf:3    | Killed Jorgrun
 53987 | Elf:3    | Received a gift from Okawaru
 54534 | Elf:3    | Identified a +4 rod of clouds (5/11) (You took it off a deep elf death mage on level 3 of the Elven Halls)
 54600 | Elf:3    | Reached XP level 22. HP: 118/193 MP: 29/29
 54855 | Elf:3    | Got an amber-encrusted ring mail
 54860 | Elf:3    | Identified the +5 ring mail "Tyvos" {rCorr MP+9} (You took it off a deep elf high priest on level 3 of the Elven Halls)
 54951 | Elf:3    | Identified the Handbook of the Volcanoes and Necromancy
 54987 | Elf:3    | Identified a +7 rod of clouds (12/12) (You found it on level 3 of the Elven Halls)
 55028 | Elf:3    | Identified the Incunabulum of Bewitching Augmentations (You found it on level 3 of the Elven Halls)
 55632 | Crypt:1  | Entered Level 1 of the Crypt
 55966 | Crypt:1  | Reached skill level 15 in Shields
 56006 | Crypt:1  | Noticed Margery
 56032 | Crypt:1  | Killed Margery
 56089 | Crypt:1  | Noticed Mara
 56109 | Crypt:1  | Noticed Leszczynek's illusion
 56139 | Crypt:1  | Noticed Leszczynek's illusion
 56148 | Crypt:1  | Killed Mara
 56438 | Crypt:1  | Noticed Sojobo
 56509 | Vaults:2 | fuck this shit
 56830 | Vaults:2 | Received a gift from Okawaru
 56979 | Vaults:3 | Received a gift from Okawaru
 57399 | Vaults:3 | Found Coruqefa's Book Shoppe.
 57465 | Vaults:3 | Received a gift from Okawaru
 57504 | Vaults:3 | Reached skill level 20 in Unarmed Combat
 57600 | Vaults:3 | Received a gift from Okawaru
 57912 | Vaults:3 | Reached XP level 23. HP: 193/202 MP: 31/31
 58185 | Vaults:3 | Found Zoenekih's Assorted Antiques.
 58193 | Vaults:3 | Bought a scroll of teleportation for 66 gold pieces
 58193 | Vaults:3 | Bought a scroll of fear for 77 gold pieces
 58193 | Vaults:3 | Bought a potion of resistance for 220 gold pieces
 58884 | Vaults:4 | Reached skill level 17 in Throwing
 59148 | Vaults:4 | Noticed Boris
 59199 | Vaults:4 | Killed Boris
 59887 | Depths:1 | Entered Level 1 of the Depths
 60068 | Crypt:1  | Killed Sojobo
 60512 | Crypt:1  | Noticed Xtahua
 60539 | Crypt:1  | Received a gift from Okawaru
 60552 | Crypt:1  | Killed Xtahua
 61048 | Crypt:2  | Reached skill level 18 in Throwing
 61159 | Crypt:2  | Found a magical portal.
 61216 | WizLab   | Entered The Roulette of Golubria
 61218 | WizLab   | Found a corrupted altar of Lugonu.
 61452 | WizLab   | Received a gift from Okawaru
 61672 | WizLab   | Reached skill level 1 in Translocations
 61710 | WizLab   | Got a heavily runed cloak
 61713 | WizLab   | Got a dazzling cloak
 61722 | WizLab   | Identified the cursed +0 cloak of Kozeocen {rElec rF- Int+3 Dex+6} (You found it in a wizard's laboratory)
 61723 | WizLab   | Identified the +1 cloak "Diunuv" {rPois MR- MP+9} (You found it in a wizard's laboratory)
 61724 | WizLab   | both bad
 61896 | Vaults:3 | Bought a book of Burglary for 1650 gold pieces
 61896 | Vaults:3 | Bought a book of Party Tricks for 1100 gold pieces
 61901 | Vaults:3 | Learned a level 4 spell: Passage of Golubria
 61903 | Vaults:3 | Learned a level 1 spell: Apportation
 61906 | Vaults:3 | Learned a level 2 spell: Swiftness
 62528 | Crypt:2  | Reached XP level 24. HP: 177/210 MP: 31/31
 63111 | Crypt:3  | Entered Level 3 of the Crypt
 63225 | Crypt:3  | Got an encrusted ring mail
 63226 | Crypt:3  | Identified the +1 ring mail of Impressiveness {Dex+4} (You found it on level 3 of the Crypt)
 63228 | Crypt:3  | misleading anem
 63228 | Crypt:3  | name
 63394 | Crypt:3  | Noticed Boris
 63412 | Crypt:3  | Killed Boris
 63412 | Crypt:3  | Received a gift from Okawaru
 63730 | Crypt:3  | Reached skill level 5 in Translocations
 63857 | Crypt:3  | Found a staircase to the Tomb.
 64252 | Crypt:3  | Reached skill level 19 in Throwing
 64401 | Crypt:3  | Noticed a curse toe
 64411 | Crypt:3  | Killed a curse toe
 64412 | Crypt:3  | Noticed an ancient lich
 64432 | Crypt:3  | Killed an ancient lich
 64451 | Crypt:3  | Found an ancient bone altar of Kikubaaqudgha.
 64458 | Crypt:3  | Identified a +1 rod of clouds (10/10) (You found it on level 3 of the Crypt)
 64460 | Crypt:3  | Found a basalt altar of Yredelemnul.
 65052 | Depths:1 | Found a gateway to a ziggurat.
 65135 | Depths:1 | Found a gateway to Hell.
 65164 | Depths:1 | Reached skill level 1 in Charms
 65739 | Depths:1 | Received a gift from Okawaru
 65914 | Depths:1 | Identified a +0 rod of shadows (3/13) (You took it off a deep elf demonologist on level 1 of the Depths)
 65941 | Depths:1 | Found a deep blue altar of Sif Muna.
 66011 | Depths:1 | Received a gift from Okawaru
 66146 | Depths:1 | Identified the Guide on Companions (You found it on level 1 of the Depths)
 66152 | Depths:1 | Identified the Guide on Summoning
 66294 | Depths:2 | Received a gift from Okawaru
 66350 | Depths:2 | Reached XP level 25. HP: 221/221 MP: 31/31
 66598 | Depths:2 | Reached skill level 5 in Charms
 68110 | Depths:3 | Reached skill level 20 in Throwing
 68282 | Depths:3 | Received a gift from Okawaru
 68409 | Depths:3 | Identified the Grimoire of Twisted Augmentations
 68413 | Depths:3 | Learned a level 2 spell: Blink
 68418 | Depths:3 | Learned a level 3 spell: Portal Projectile
 68717 | Depths:3 | Got an amethyst-studded leather armour
 68718 | Depths:3 | Identified the +1 leather armour "Qiruc" {Stlth+} (You found it on level 3 of the Depths)
 68920 | Depths:3 | Found a one-way gate leading to the halls of Pandemonium.
 69082 | Depths:4 | Found Astradoju's Magic Scroll Shop.
 69161 | Depths:4 | Found Fiolap's Magic Scroll Shoppe.
 69200 | Depths:4 | Found a one-way gate to the infinite horrors of the Abyss.
 69279 | Depths:4 | Found a flickering gateway to a bazaar.
 69289 | Bazaar   | Entered a bazaar
 69301 | Bazaar   | Found Quhumate's Assorted Antiques.
 69330 | Bazaar   | Found Dicopen's Gadget Shop.
 69357 | Bazaar   | Found Jopoin's General Store.
 69371 | Bazaar   | Found Wocuwosu's Antique Weapon Emporium.
 69386 | Bazaar   | Found Poli's Armour Shop.
 69407 | Bazaar   | wow, that's a shitty bazaar
 69444 | Bazaar   | Bought a scroll of identify for 16 gold pieces
 69444 | Bazaar   | Bought a scroll of magic mapping for 28 gold pieces
 69444 | Bazaar   | Bought a meat ration for 40 gold pieces
 69444 | Bazaar   | Bought a scroll of fog for 16 gold pieces
 69512 | Bazaar   | Bought a scroll of blinking for 150 gold pieces
 69512 | Bazaar   | Bought a scroll of teleportation for 60 gold pieces
 69512 | Bazaar   | Bought a scroll of fog for 40 gold pieces
 69624 | Depths:4 | Received a gift from Okawaru
 69663 | Depths:4 | Received a gift from Okawaru
 69729 | Depths:4 | Found a deep blue altar of Sif Muna.
 69849 | Depths:4 | Got a fine tin amulet
 69850 | Depths:4 | Identified the amulet of Lerisur {Reflect MR++ Dex+4 SH+5 Stlth+} (You found it on level 4 of the Depths)
 69851 | Depths:4 | WOW!
 69909 | Depths:4 | Reached skill level 21 in Throwing
 69922 | Depths:4 | Identified the Compendium of Compression
 69937 | Depths:4 | Identified the Catalogue of Fetching Cold
 69940 | Depths:4 | Identified Sif Muna's Tome of Shifting Attacks
 69946 | Depths:4 | Identified a +0 rod of inaccuracy (11/11) (You found it on level 4 of the Depths)
 69954 | Depths:4 | and rF+ ring too, good
 69992 | Depths:4 | Identified the Guide on Lightness and Stones (You found it on level 4 of the Depths)
 70008 | Depths:4 | Identified the Incunabulum of the Ashen Birds (You found it on level 4 of the Depths)
 70602 | Depths:4 | Bought a scroll of blinking for 112 gold pieces
 70602 | Depths:4 | Bought a scroll of teleportation for 45 gold pieces
 70602 | Depths:4 | Bought a scroll of teleportation for 45 gold pieces
 70602 | Depths:4 | Bought a scroll of teleportation for 45 gold pieces
 70602 | Depths:4 | Bought a scroll of blinking for 112 gold pieces
 70602 | Depths:4 | Bought a scroll of magic mapping for 52 gold pieces
 70623 | Depths:4 | Bought a scroll of summoning for 209 gold pieces
 70623 | Depths:4 | Bought a scroll of teleportation for 66 gold pieces
 70623 | Depths:4 | Bought a scroll of summoning for 209 gold pieces
 70675 | Depths:5 | Entered Level 5 of the Depths
 70688 | Depths:5 | Noticed Saint Roka
 70717 | Depths:5 | Killed Saint Roka
 70828 | Depths:5 | Reached XP level 26. HP: 215/228 MP: 31/31
 70964 | Depths:5 | Found a gate to the Realm of Zot.
 71411 | Depths:5 | Reached skill level 22 in Throwing
 71492 | Depths:5 | Received a gift from Okawaru
 71499 | Depths:5 | Got a scorched cloak {god gift}
 71500 | Depths:5 | Identified the +0 cloak of Okawaru's Displeasure {-Cast rF- Int+9 Stlth+} (Okawaru gifted it to you on level 5 of the Depths)
 71504 | Depths:5 | what are you so displeased with, huh?
 71979 | Zot:1    | Entered Level 1 of the Realm of Zot
 73005 | Zot:1    | Reached skill level 23 in Throwing
 73752 | Zot:2    | Received a gift from Okawaru
 74294 | Zot:3    | Noticed an orb of fire
 74343 | Zot:3    | Reached XP level 27. HP: 221/236 MP: 31/31
 75257 | Zot:3    | Noticed an orb of fire
 75303 | Zot:3    | Killed an orb of fire
 75303 | Zot:3    | Reached skill level 24 in Throwing
 75515 | Zot:3    | Killed an orb of fire
 77149 | Zot:3    | Received a gift from Okawaru
 77149 | Zot:3    | Reached skill level 25 in Throwing
 77246 | Zot:4    | Received a gift from Okawaru
 77380 | Zot:5    | Entered Level 5 of the Realm of Zot
 77578 | Zot:5    | Received a gift from Okawaru
 77923 | Zot:5    | Noticed an orb of fire
 77958 | Zot:5    | Killed an orb of fire
 78018 | Zot:5    | Noticed an orb of fire
 78061 | Zot:5    | Killed an orb of fire
 78202 | Zot:5    | Reached skill level 26 in Throwing
 78611 | Zot:5    | Noticed an orb of fire
 78629 | Zot:5    | Killed an orb of fire
 78719 | Zot:5    | Noticed an orb of fire
 78838 | Zot:5    | Noticed an orb of fire
 78839 | Zot:5    | Killed an orb of fire
 78859 | Zot:5    | Noticed an orb of fire
 78892 | Zot:5    | Killed an orb of fire
 78894 | Zot:5    | Noticed an orb of fire
 78894 | Zot:5    | Noticed an orb of fire
 78894 | Zot:5    | Noticed an ancient lich
 78899 | Zot:5    | Noticed an orb of fire
 78910 | Zot:5    | Noticed an orb of fire
 78910 | Zot:5    | Killed an orb of fire
 78921 | Zot:5    | Killed an orb of fire
 79051 | Zot:5    | Killed an orb of fire
 79051 | Zot:5    | Reached skill level 27 in Throwing
 79542 | Zot:5    | Killed an orb of fire
 79567 | Zot:5    | Killed an orb of fire
 79983 | Zot:5    | Received a gift from Okawaru
 80150 | Zot:5    | Received a gift from Okawaru
 80620 | Zot:5    | Killed an ancient lich
 80714 | Zot:5    | Got the Orb of Zot
 81012 | Depths:3 | Noticed Xuczei the pandemonium lord
 81380 | D:6      | Noticed Bosal the pandemonium lord
 81386 | D:6      | Noticed Eramal the pandemonium lord
 81409 | D:5      | Killed Eramal the pandemonium lord
 81409 | D:5      | Received a gift from Okawaru
 81564 | D:1      | Noticed Diguq the pandemonium lord
 81601 | D:1      | Killed Diguq the pandemonium lord
 81664 | D:$      | Escaped with the Orb!

Vault maps used:
D:1:      dpeg_arrival_three_bigger_balls, minmay_crystal_room,
          minmay_door_square
D:2:      grunt_temple_overflow_open, kennysheep_potato
D:4:      nicolae_overflow_hidden_temple, first_bread, serial_shops,
          nicolae_shop_behind_doors
D:5:      led_xom_imps, marbit_many_paths, uniq_menkaure,
          uniq_crazy_yiuf_cottage, uniq_prince_ribbit1
D:6:      serial_shops, shop, uniq_blork_the_orc
D:7:      grunt_temple_overflow_opulence,
          grunt_temple_overflow_order_and_chaos_2, serial_undead,
          serial_undead_b, serial_undead_f, serial_undead_a, serial_undead_e
D:8:      grunt_lair_entry_orc_guard_hut, serial_shops, shop
D:9:      grunt_temple_overflow_forces_of_nature, enter_bailey_2
D:10:     wad_rectangle_vault
D:11:     orc_0_dummy, lemuel_tele_altar
D:12:     minmay_klotski, serial_shops, shop, david_nohive_1,
          kennysheep_crisscross, hangedman_parallel_progression
D:13:     bh_chokoban, guppyfry_shop_blood
D:14:     david_vaults_2, serial_bayou_ford_a, stair_cage_open
D:15:     gammafunk_enter_depths_forms, corexii_leaking_fountain
Temple:   minmay_temple_bridge_a_8
Lair:2:   grunt_megastairs_1
Lair:3:   elwin_shoals_entry_rooms, grunt_megastairs_4
Lair:4:   spider_nest_entry_funnel_web, st_stairs_3, uniq_harold, uniq_nergalle
Lair:5:   portal_ice_cave_entry_ice_beasts, st_stairs_5,
          kennysheep_catoblepas_arena, serial_bayou_shore_a
Lair:6:   kennysheep_abandoned_house, nicolae_slime_entry_slimehenge
Lair:7:   enter_volcano_4, grunt_megastairs_3, lemuel_fruit_tree
Lair:8:   grunt_lair_end_beastmaster, special_room, grunt_megastairs_2
Shoals:1: serial_shops, shop, uniq_donald
Shoals:2: wheals_shoals_ruined_temple
Shoals:3: nicolae_shoals_circle_sea_wall
Shoals:4: shoals_end_simple, shoals_ilsuiw_ice
Spider:1: guppyfry_spider_mini_1
Spider:2: spider_trap
Spider:4: grunt_spider_rune_circles
Orc:2:    st_orc_mages, nicolae_orc_lost_temple
Elf:1:    hangedman_elf_disciples, uniq_kirke, uniq_nikola
Elf:2:    serial_shops, nicolae_shop_stone
Elf:3:    minmay_elf_hall_golems, serial_sigils_hangedman_writhe, uniq_jorgrun
Vaults:1: ontoclasm_vaults_loading_screen, v_misc_24, v_pattern_4,
          vaults_mumra_minichess_inversion, nicolae_vaults_little_squares_6,
          v_misc_5, ontoclasm_vaults_hangar, vaults_room_octagon, v_misc_18,
          nicolae_vaults_border_crossing, nicolae_vaults_branching_niches,
          v_misc_16, nicolae_vaults_puzzle_piece, ontoclasm_vaults_ring_square,
          nicolae_vaults_little_squares_2, vaults_room_stairs_pillars,
          vaults_room_ringed_pool
Vaults:2: nicolae_vaults_twisting_passages, minmay_crypt_entry_simple_statues,
          vaults_room_corners, dpeg_vaults_waves, hangedman_vaults_snaps,
          ontoclasm_vaults_loading_screen, nicolae_vaults_gold_heap,
          ontoclasm_vaults_loading_screen, ontoclasm_vaults_chip,
          ontoclasm_vaults_decontamination, vaults_room_hallway,
          vaults_room_corners, uniq_jory, uniq_aizul
Vaults:3: v_misc_3, ontoclasm_vaults_spin, hangedman_vaults_cutoff,
          st_octagons_1, v_misc_24, v_rooms_5, nicolae_vaults_little_squares_2,
          vaults_dpeg_ring, hangedman_vaults_nodes, vaults_room_pools,
          hangedman_vaults_slice, serial_shops, shop_statue, shop, shop
Vaults:4: nicolae_vaults_little_squares_5, v_pattern_5,
          vaults_room_guarded_vault, nicolae_vaults_ring_of_whatevers,
          nicolae_vaults_shelves_hall, vaults_dpeg_encased_lava, uniq_boris
Crypt:1:  grunt_crypt_arrival_webbed, uniq_mara, uniq_margery, uniq_xtahua,
          uniq_sojobo
Crypt:2:  mu_enter_wizlab_4
Crypt:3:  lightli_unholy_cathedral, grunt_ministairs_11, uniq_boris
Depths:1: enter_ziggurat_a, grunt_metal_band, hangedman_summoners_spam
Depths:2: kennysheep_blocky_room, grunt_hell_entry_dis_mu,
          minmay_curled_crystal, grunt_decor_mini_mirrors, lemuel_flamethrower_3
Depths:3: minmay_smoke_and_mirrors, grunt_pan_entry_in_and_out, hellmouth_1,
          infiniplex_staircase_pillars_1
Depths:4: evilmike_library_of_no_secrets, grunt_decor_fettered,
          abyss_entry_small_statue_room, hell_entry, serial_shops,
          bzr_entry_water, shop_scrolls, shop_fountains, firewood_loft
Depths:5: grunt_zot_entry_bicorn, rand_demon_pan_entry_7,
          hangedman_coc_ice_floe, uniq_saint_roka
Zot:5:    st_stairs_11
Abyss:2:  hangedman_abyss_or_decor_stagger
Abyss:3:  evilmike_abyss_exit_plants, evilmike_abyss_rune_elephants
Bazaar:   bazaar_jpeg_ninerooms_1
Bailey:   bailey_axe_2, bailey
IceCv:    ice_cave_caverns_01
Volcano:  volcano_grotto
WizLab:   wizlab_golubria

Skill      XL: |  1  2  3  4  5  6  7  8  9 10 11 12 13 14 15 16 17 18 19 20 21 22 23 24 25 26 27 |
---------------+----------------------------------------------------------------------------------+-----
Unarmed Combat | 1 2 3 4 6 7 8 9 10 11 13 14 15 17 19 20 21 22 | 22.2
Throwing       | 4 7 10 11 12 13 14 15 16 18 19 21 23 27 | 27.0
Fighting       | 3 6 8 9 10 11 12 13 15 16 17 19 | 19.4
Armour         | 2 4 6 7 9 10 11 | 11.2
Invocations    | 4 7 |  7.1
Shields        | 4 7 10 12 13 14 15 | 15.1
Dodging        | 2 5 6 7 10 12 13 | 13.9
Evocations     | 7 8 9 11 12 13 | 13.1
Translocations | 2 8 9 |  9.8
Charms         | 4 7 |  7.3
Stealth        | |  1.1

Action                   |  1- 3 |  4- 6 |  7- 9 | 10-12 | 13-15 | 16-18 | 19-21 | 22-24 | 25-27 || total
-------------------------+-------+-------+-------+-------+-------+-------+-------+-------+-------++-------
Melee: Short sword       |   101 |       |       |       |       |       |       |       |       ||   101
       Unarmed           |    24 |   234 |   333 |  1118 |  2660 |  3026 |  2802 |  2602 |  3113 || 15912
       Punch             |       |     4 |     7 |    29 |       |       |       |       |       ||    40
 Fire: Blowgun           |       |       |       |       |       |       |       |       |     1 ||     1
Throw: Stone             |     6 |    44 |    20 |     3 |       |       |       |       |       ||    73
       Tomahawk          |     2 |     5 |     3 |    80 |   173 |   226 |    24 |       |    36 ||   549
       Javelin           |       |     3 |     6 |    26 |    40 |    10 |    20 |     1 |    18 ||   124
       Throwing net      |       |       |       |     3 |       |       |       |       |       ||     3
 Cast: Portal Projectile |       |       |       |       |       |       |       |       |     1 ||     1
Invok: Heroism           |       |       |    10 |    26 |    27 |    35 |    43 |    32 |    38 ||   211
       Finesse           |       |       |       |     2 |     5 |     4 |     6 |     6 |     5 ||    28
 Abil: Stop Flying       |       |       |       |       |       |       |     2 |     1 |     1 ||     4
       Evoke Flight      |       |       |       |       |       |       |     2 |     1 |       ||     3
Evoke: Wand              |       |       |       |     7 |       |     1 |     5 |     1 |       ||    14
       Box of beasts     |       |       |       |       |       |     2 |     6 |       |     2 ||    10
  Use: Scroll            |       |    14 |     5 |     9 |    14 |    14 |    11 |    19 |    14 ||   100
       Potion            |       |       |       |     3 |     2 |     3 |    13 |     6 |    19 ||    46
 Stab: Distracted        |       |       |       |       |       |     1 |     1 |       |       ||     2
       Paralysed         |       |       |       |       |       |       |     2 |       |       ||     2
       Petrified         |       |       |       |       |       |       |       |     1 |       ||     1
       Invisible         |       |       |       |       |       |       |       |       |     8 ||     8
       Confused          |       |       |       |       |       |       |       |       |     4 ||     4
  Eat: Chunk             |    16 |    25 |    40 |   178 |   233 |   299 |   248 |   134 |   253 ||  1426
       Meat ration       |       |       |       |       |       |       |       |     1 |       ||     1
Armor: Ring mail         |    45 |    41 |    82 |   410 |   318 |       |       |       |       ||   896
       Plate armour      |       |       |    41 |    21 |   822 |  1763 |   846 |   625 |   818 ||  4936
Dodge: Dodged            |    69 |    96 |   197 |   557 |   954 |  1526 |  1134 |   747 |  1114 ||  6394
Block: Other             |       |       |       |    24 |       |       |       |       |       ||    24
       Buckler           |       |       |       |    28 |   725 |   142 |       |       |       ||   895
       Reflection        |       |       |       |       |     4 |    30 |   122 |    52 |    76 ||   284
       Shield            |       |       |       |       |       |  1998 |  1907 |  1434 |  1998 ||  7337
